 Dungeon Crawl Stone Soup version 0.17.1-3-g152610e (webtiles) character file.

249 Jerry the Cudgeler (level 5, -1/41 HPs)
             Began as a Demigod Gladiator on Apr 1, 2016.
             Killed by divine providence
             ... invoked by an orc priest
              (14 damage)
             ... on level 3 of the Dungeon.
             The game lasted 00:08:41 (2087 turns).

Jerry the Cudgeler (Demigod Gladiator)              Turns: 2087, Time: 00:08:41

Health: -1/41      AC:  8    Str: 20    XL:     5   Next: 56%
Magic:  7/7        EV: 13    Int: 12    God:
Gold:   75         SH:  0    Dex: 16    Spells: 0 memorised, 4 levels left

rFire  . . .     SeeInvis .     b - +2 whip (pain)
rCold  . . .     Clarity  .     h - +0 ring mail
rNeg   . . .     SustAt   +     (no shield)
rPois  .         Gourm    .     p - +0 helmet
rElec  .         Spirit   .     (no cloak)
rCorr  .         Warding  .     o - +0 pair of gloves
rMut   .         Stasis   .     n - +0 pair of boots
MR     .....                    (no amulet)
Stlth  +.........               (no ring)
                                (no ring)

@: not resistant to hostile enchantments, very unstealthy
A: high mp 1, wild magic 1, sustain attributes
a: no special abilities


You were on level 3 of the Dungeon.
You were not hungry.

You visited 1 branch of the dungeon, and saw 3 of its levels.

You collected 75 gold pieces.

Inventory:

Hand Weapons
 a - a +0 flail
 b - a +2 whip of pain (weapon)
Missiles
 d - 3 throwing nets (quivered)
Armour
 f - a +0 buckler
 h - a +0 ring mail (worn)
 n - a +0 pair of boots (worn)
 o - a +0 pair of gloves (worn)
 p - a +0 helmet (worn)
Scrolls
 g - 6 scrolls of identify {unknown}
 l - a scroll of teleportation {unknown}
 m - a scroll of noise {unknown}
 r - a scroll of blinking {unknown}
Potions
 c - a potion of might
 k - a potion of brilliance {unknown}
 s - a potion of curing {unknown}
Comestibles
 e - 4 bread rations
 j - 4 meat rations


   Skills:
 - Level 1.7 Fighting
 + Level 3.8 Maces & Flails
 - Level 1.7 Throwing
 + Level 2.5 Armour
 + Level 3.7 Dodging
 + Level 2.2 Shields


You had 4 spell levels left.
You didn't know any spells.

Dungeon Overview and Level Annotations

Branches:
Dungeon (3/15)


Innate Abilities, Weirdness & Mutations

You have an increased reservoir of magic (+10% MP).
Your attributes are resistant to harm.
Your spells are a little harder to cast, but a little more powerful.


Message History

The orc is heavily wounded.
The orc barely misses you.
You whack the orc!
You kill the orc!
The orc priest mumbles some strange prayers to Beogh against you.
You struggle to resist.
You hit the orc.
The orc is heavily wounded.
The orc hits you but does no damage.
You hit the orc but do no damage.
The orc is heavily wounded.
The orc barely misses you.
The orc priest invokes the aid of Beogh against you.
Something smites you!
You barely miss the orc.
The orc is heavily wounded.
The orc hits you with a hand axe.
The orc priest mumbles some strange prayers to Beogh against you.
Something smites you!
You die...

. .. ######### ...
#.......# .... #.......#
..... #......[#
.....o#####.......######
..>..oo@..+.......'.....
$.....####..##.##.####.#
##+########.##.#..# #..
#........#...#.# #..
#.#####..####..## #.#
#####..###.#..###.#
....................
.......###.#######..
.#.##### #.# ###


You could see an orc priest and 2 orcs.

Vanquished Creatures
  The ghost of jesusflecha the Conjurer, an amateur DECj (D:3)
  A giant frog zombie (D:3)
  4 adders
  2 worms (D:2)
  2 giant geckos
  2 orcs (D:3)
  9 bats
  8 hobgoblins
  11 jackals
  5 kobolds
  2 quokkas (D:2)
  A ball python (D:2)
  3 giant cockroaches
  4 giant newts (D:2)
  7 goblins
62 creatures vanquished.

Notes
Turn   | Place    | Note
--------------------------------------------------------------
     0 | D:1      | Jerry the Demigod Gladiator began the quest for the Orb.
     0 | D:1      | Reached XP level 1. HP: 17/17 MP: 3/3
   328 | D:1      | Reached XP level 2. HP: 22/24 MP: 4/4
   499 | D:2      | Reached skill level 3 in Maces & Flails
   745 | D:2      | Reached skill level 1 in Shields
   883 | D:2      | Reached skill level 1 in Armour
   889 | D:2      | Reached XP level 3. HP: 27/29 MP: 5/5
   915 | D:2      | Found a faded altar to an unknown god.
  1423 | D:3      | Noticed jesusflecha's ghost (amateur DECj)
  1446 | D:3      | Reached XP level 4. HP: 15/36 MP: 6/6
  1456 | D:3      | Gained mutation: Your spells are a little harder to cast, but a little more powerful. [potion of beneficial mutation]
  1459 | D:3      | Killed jesusflecha's ghost
  1459 | D:3      | Reached XP level 5. HP: 2/41 MP: 7/7
  1822 | D:3      | Found a stormy altar of Qazlal.
  2087 | D:3      | Killed from afar by an orc priest

Action                   |  1- 3 |  4- 6 || total
-------------------------+-------+-------++-------
Melee: Flail             |   184 |    10 ||   194
       Whip              |       |    56 ||    56
  Use: Potion            |     2 |     1 ||     3
  Eat: Chunk             |     2 |     2 ||     4
